 Dungeon Crawl Stone Soup version 0.26.1-11-gd32895ea62 (webtiles) character file.

Game seed: 16890862158122499355

3588 mankey1987 the Basher (level 10, -3/88 (92) HPs)
             Began as an Ogre Berserker on May 26, 2021.
             Was a Priest of Trog.
             Slain by a worker ant (5 damage)
             ... on level 7 of the Dungeon.
             The game lasted 00:18:19 (14592 turns).

mankey1987 the Basher (Ogre Berserker)             Turns: 14592, Time: 00:18:20

HP:   -3/88 (92)    AC:  6    Str: 35    XL:     10   Next: 10%
MP:   10/10         EV: 10    Int:  8    God:    Trog [***...]
Gold: 235           SH:  0    Dex: 11    Spells: 9/9 levels left

rFire    . . .     SeeInvis .   s - +3 flail
rCold    + . .     Faith    .   (no shield)
rNeg     . . .     Spirit   .   y - +2 robe {rC+}
rPois    .         Reflect  .   (helmet restricted)
rElec    .         Harm     .   i - +0 cloak
rCorr    .         Rampage  .   (gloves unavailable)
Will     +....                  (boots unavailable)
Stlth    +.........             (no amulet)
HPRegen  0.24/turn              d - +6 ring of strength
MPRegen  0.12/turn              j - +6 ring of strength

@: lethally poisoned (-3 -> -8), lightly drained
A: large, unfitting armour, tough skin 1
a: Renounce Religion, Berserk, Trog's Hand


You were on level 7 of the Dungeon.
You worshipped Trog.
Trog was most pleased with you.
You visited 1 branch of the dungeon, and saw 8 of its levels.

You collected 456 gold pieces.
You spent 221 gold pieces at shops.

Inventory:

Hand Weapons
 s - a +3 flail (weapon)
 w - a +0 giant club
Armour
 i - a +0 cloak (worn)
 y - a +2 robe of cold resistance (worn)
Jewellery
 d - a +6 ring of strength (left hand)
 j - a +6 ring of strength (right hand)
 m - an uncursed ring of flight
Wands
 e - a wand of acid (9)
 l - a wand of iceblast (25)
 q - a wand of digging (7)
 x - a wand of random effects (35)
Scrolls
 a - 2 scrolls of remove curse
 n - a scroll of enchant armour
 o - 2 scrolls of identify
 v - 2 scrolls of torment
Potions
 b - 5 potions of attraction
 c - 7 potions of might
 f - 8 potions of curing
 h - 2 potions of berserk rage
 k - 4 potions of brilliance
 r - a potion of haste {unknown}
 t - 3 potions of magic {unknown}
 u - a potion of flight {unknown}


   Skills:
 - Level 4.0 Fighting
 + Level 12.8 Maces & Flails
 - Level 2.6 Dodging


You had 9 spell levels left.
You didn't know any spells.
Your spell library was empty.

Dungeon Overview and Level Annotations

Branches:
Dungeon (8/15)             Temple (0/1) D:4            Lair (0/6) D:8

Altars:
Ashenzari
Cheibriados
Elyvilon
Fedhas
Nemelex Xobeh
Okawaru
Xom
The Shining One

Shops:
D:5 *

Annotations:
D:8 Maurice


Innate Abilities, Weirdness & Mutations

You are too large for most types of armour.
You have tough skin. (AC +1)


Message History

You climb upwards.
There is a stone staircase leading down here.
Unknown command.
You feel much better. The worker ant barely misses you.
The wight closely misses you.
The wight hits you with a cursed +1 scimitar of freezing.
The worker ant bites you.
* * * LOW HITPOINT WARNING * * *
You are poisoned.
The worker ant poisons you! The wight closely misses you.
The death yak gores you!!
* * * LOW HITPOINT WARNING * * *
Okay, then.
Unknown command.
As you read the scroll labelled JONKAQ ARIEGAD, it crumbles to dust.
It is a scroll of enchant armour.
Your +1 robe of cold resistance glows green for a moment.
* * * LOW HITPOINT WARNING * * *
You feel sick. The wight barely misses you. The worker ant bites you.
You die...

#.##.#.# #.........
#.##.#.####################
#.##.#.....................
#.##.######################
#.##.# ######.##..#....(..
#.##.####......##..#.######
#.##........##.##..#(......
#.#######Bzz...............
#.# ##@................ #.#
#Yz##.##.##.....[[
#.########..#####.##..###.[
#.##..............##..###.#
#.##.###########...#.......
#.##.# #.............#.....
#.##.# #.#######...###.....
#.##.# #.# #...# #.##.#
#.##.###.#######...# #..#.#


You could see a death yak, a worker ant and 3 wights.

Vanquished Creatures
  Pikel (D:4)
  Grinder (D:5)
  Sigmund (D:2)
  Eustachio (D:5)
  A water moccasin (D:5)
  Duvessa (D:7)
  An orc warrior (D:6)
  2 sky beasts
  An ice beast (D:5)
  3 ogres (D:7)
  A phantom (D:5)
  8 centaurs
  A lemure (D:4)
  Dowan (D:7)
  2 scorpions (D:7)
  7 wights
  A quasit (D:5)
  A centaur skeleton (D:6)
  Ijyb (D:5)
  Natasha (thrice) (D:2)
  3 orc wizards (D:7)
  2 worker ants
  A killer bee zombie (D:7)
  2 hound zombies
  3 hound skeletons
  Robin (D:2)
  4 gnolls (D:5)
  4 adders
  3 white imps
  2 ufetubi
  An ooze (D:1)
  3 adder skeletons
  2 adder zombies
  6 worms
  5 dart slugs
  6 leopard geckos
  8 orcs
  A ball python (D:3)
  4 bats
  6 giant cockroaches
  13 goblins
  14 hobgoblins
  5 jackals
  7 kobolds
  3 quokkas
  6 frilled lizards
  A jackal zombie (D:6)
  8 rats
163 creatures vanquished.

Vanquished Creatures (others)
  2 withered plants (D:3)
2 creatures vanquished.

Grand Total: 165 creatures vanquished

Notes
Turn   | Place    | Note
-------+----------+-------------------------------------------
     0 | D:1      | mankey1987 the Ogre Berserker began the quest for the Orb.
     0 | D:1      | Reached XP level 1. HP: 24/24 MP: 1/1
    27 | D:1      | Reached skill level 3 in Maces & Flails
   275 | D:1      | Reached XP level 2. HP: 7/32 MP: 2/2
   920 | D:1      | Reached XP level 3. HP: 37/39 MP: 3/3
  1098 | D:1      | Found an iron altar of Okawaru.
  1165 | D:1      | Reached ** piety under Trog
  1453 | D:2      | Noticed Natasha
  1463 | D:2      | Killed Natasha
  1464 | D:2      | Reached skill level 4 in Maces & Flails
  1464 | D:2      | Reached XP level 4. HP: 21/48 MP: 4/4
  1523 | D:2      | Noticed Natasha
  1526 | D:2      | Killed Natasha
  1881 | D:2      | Noticed Natasha
  1891 | D:2      | Killed Natasha
  1892 | D:2      | Reached skill level 5 in Maces & Flails
  1892 | D:2      | Reached XP level 5. HP: 48/54 MP: 5/5
  1923 | D:2      | Noticed Sigmund
  1940 | D:2      | Killed Sigmund
  1941 | D:2      | Reached skill level 6 in Maces & Flails
  1941 | D:2      | Reached XP level 6. HP: 46/62 MP: 6/6
  2019 | D:2      | Found a snail-covered altar of Cheibriados.
  2299 | D:2      | Found a faded altar of an unknown god.
  2505 | D:2      | Found a shimmering altar of Xom.
  2695 | D:2      | Noticed Robin
  2708 | D:2      | Killed Robin
  3883 | D:3      | Found a broken altar of Ashenzari.
  3907 | D:3      | Reached *** piety under Trog
  4227 | D:4      | Found a staircase to the Ecumenical Temple.
  4251 | D:4      | Found a glowing golden altar of the Shining One.
  4309 | D:4      | Found a white marble altar of Elyvilon.
  4688 | D:4      | Reached skill level 7 in Maces & Flails
  4845 | D:4      | Reached XP level 7. HP: 64/70 MP: 7/7
  5048 | D:5      | Entered Level 5 of the Dungeon
  5068 | D:5      | Found Nepenanua's Assorted Antiques.
  5070 | D:5      | Noticed Pikel
  5194 | D:4      | Killed Pikel
  5195 | D:4      | Reached skill level 8 in Maces & Flails
  5195 | D:4      | Reached XP level 8. HP: 50/78 MP: 8/8
  5408 | D:5      | Noticed Grinder
  5418 | D:5      | Killed Grinder
  5419 | D:5      | Reached skill level 9 in Maces & Flails
  6306 | D:5      | Noticed Eustachio
  6323 | D:5      | Killed Eustachio
  6327 | D:5      | Reached skill level 10 in Maces & Flails
  7352 | D:5      | Bought a scroll labelled CURISKERGHOJ for 26 gold pieces
  7352 | D:5      | Bought a scroll of enchant weapon for 195 gold pieces
  7378 | D:5      | Reached XP level 9. HP: 43/84 MP: 9/9
  7635 | D:5      | Noticed Ijyb
  7645 | D:5      | Killed Ijyb
  8116 | D:6      | You fall into a shaft and drop 2 floors!
  8116 | D:8      | Found a staircase to the Lair.
  8116 | D:8      | Noticed a death yak
  8116 | D:8      | Noticed a death yak
  8116 | D:8      | Noticed a death yak
  8116 | D:8      | Noticed Maurice
  8397 | D:7      | Noticed Dowan
  8399 | D:7      | Noticed Duvessa
  8411 | D:7      | Killed Duvessa
  8412 | D:7      | Reached skill level 11 in Maces & Flails
  8428 | D:7      | Killed Dowan
 10083 | D:7      | Found a blossoming altar of Fedhas.
 10204 | D:7      | Reached skill level 12 in Maces & Flails
 11887 | D:6      | Found a sparkling altar of Nemelex Xobeh.
 13485 | D:6      | Reached XP level 10. HP: 66/91 MP: 10/10
 14589 | D:8      | HP: 2/88 [death yak (17)]
 14592 | D:7      | Slain by a worker ant

Illustrated notes

Levels and vault maps discovered:
D:1:      saegor_arrival_simple_a, layout_basic, okawaru_ov_weapons_minmay
D:2:      layout_basic, cheibriados_altar_1, general_overflow_altar,
          chequers_ecumenical_altar_simple_redux, uniq_robin, uniq_sigmund,
          uniq_natasha
D:3:      layout_basic, marbit_many_paths, serial_undead, serial_undead_e,
          serial_undead_b, serial_undead_a, serial_undead_a
D:4:      layout_loops_ring, kennysheep_little_box,
          nicolae_overflow_crystal_walls, minmay_temple_entry_statues_fountains,
          corner_web_ring, chequers_avenue
D:5:      layout_layer_cave, serial_shops, shop, uniq_pikel, uniq_grinder,
          uniq_eustachio, uniq_ijyb
D:6:      nicolae_whirlpool, layout_loops_corners, lemuel_doored_altar
D:7:      layout_basic, fedhas_bush_and_centaur_altar, uniq_duvessa
D:8:      layout_cave_pools, dpeg_lair_monsters, uniq_maurice

Skill      XL: |  1  2  3  4  5  6  7  8  9 |
---------------+----------------------------+-----
Maces & Flails | 3 4 5 6 7 8 10 12 | 12.8
Fighting       | |  4.0
Dodging        | |  2.6

Action                   |  1- 3 |  4- 6 |  7- 9 | 10-12 || total
-------------------------+-------+-------+-------+-------++-------
Melee: Mace              |    74 |   138 |       |       ||   212
       Flail             |       |    68 |   299 |    23 ||   390
Invok: Berserk           |     1 |     1 |     6 |     1 ||     9
       Trog's Hand       |       |     1 |     1 |       ||     2
  Use: Scroll            |     3 |     7 |    10 |     4 ||    24
       Potion            |       |       |       |     1 ||     1
Armor: Animal skin       |    24 |    12 |       |       ||    36
       Robe              |       |    61 |    88 |    17 ||   166
Dodge: Dodged            |    56 |   148 |   176 |    19 ||   399
